 Dungeon Crawl Stone Soup version 0.16.2-12-gd0ad4c3 (webtiles) character file.

23198 Ishikawa the Thaumaturge (level 12, 0/92 HPs)
             Began as a Mummy Wizard on Oct 28, 2015.
             Was the Champion of Sif Muna.
             Shot with an arrow by a centaur warrior (23 damage)
             ... on level 13 of the Dungeon on Oct 29, 2015.
             The game lasted 02:10:13 (16487 turns).

Ishikawa the Thaumaturge (Mummy Wizard)            Turns: 16487, Time: 02:10:13

Health: 0/92       AC:  8    Str: 10    XL:     12   Next: 69%
Magic:  3/29       EV: 14    Int: 25    God:    Sif Muna [******]
Gold:   920        SH:  0    Dex: 14    Spells: 6 memorised, 13 levels left

rFire  x . .     SeeInvis .     y - +4 hand axe (flame)
rCold  + + .     Clarity  .     m - +2 robe {MR+}
rNeg   + + +     SustAb   .     (no shield)
rPois  ∞         Gourm    .     V - +2 helmet of the Wild Haggis {rC+ MR- Int+4 Dex+4 Stlth+}
rElec  .         Spirit   .     G - +0 cloak
rCorr  .         Warding  .     (no gloves)
rMut   .         Stasis   .     (no boots)
MR     +....                    k - amulet of regeneration
Stlth  +++.......               d - ring of ice
                                u - ring of fire

@: very slightly contaminated, somewhat resistant to hostile enchantments,
fairly stealthy
A: no food or potions, fire vulnerability, restore body, cold resistance 1,
negative energy resistance 3, poison resistance, torment resistance, unbreathing
a: Channel Energy, Forget Spell, Renounce Religion


You were on level 13 of the Dungeon.
You worshipped Sif Muna.
Sif Muna was exalted by your worship.
You were not hungry.

You visited 2 branches of the dungeon, and saw 19 of its levels.

You collected 1145 gold pieces.
You spent 225 gold pieces at shops.

Inventory:

Hand weapons
 f - a +0 quarterstaff of freezing
 y - a +4 hand axe of flaming (weapon)
 A - a +1 vampiric dagger
 E - a +2 whip of freezing
Armour
 l - a +2 robe of cold resistance
 m - a +2 robe of magic resistance (worn)
 G - a +0 cloak (worn)
 J - a +2 large shield
 V - the +2 helmet of the Wild Haggis (worn) {rC+ MR- Int+4 Dex+4 Stlth+}
   (You found it on level 4 of the Lair of Beasts)

   It affects your intelligence (+4).
   It affects your dexterity (+4).
   It protects you from cold.
   It affects your resistance to hostile enchantments.
   It makes you more stealthy.
Magical staves
 w - an uncursed staff of earth
 M - an uncursed staff of cold
Jewellery
 d - a ring of ice (right hand)
 k - an amulet of regeneration (around neck)
 u - a ring of fire (left hand)
 B - an uncursed amulet of guardian spirit {unknown}
 I - an uncursed ring of protection from cold
 K - an uncursed ring of see invisible
Magical devices
 b - a wand of paralysis (0)
 i - a wand of magic darts (22)
 x - a wand of magic darts (25)
 z - a wand of random effects (18)
 D - a wand of digging (17)
 H - a wand of confusion (28)
 N - a wand of fireball (0)
 O - a wand of confusion (0)
 R - a wand of cold (10)
Scrolls
 a - a scroll of recharging
 g - 12 scrolls of remove curse
 h - 2 scrolls of magic mapping
 j - 6 scrolls of identify
 n - 2 scrolls of amnesia {unknown}
 p - a scroll of enchant weapon
 q - 3 scrolls of teleportation {unknown}
 s - 3 scrolls of immolation {unknown}
 t - 2 scrolls of fog {unknown}
 v - a scroll of holy word {unknown}
 P - a scroll of summoning
 T - a scroll of enchant armour
 U - 2 scrolls of brand weapon {unknown}
Books
 c - a book of Minor Magic

   Spells                             Type                      Level
   a - Magic Dart                     Conjuration                  1
   b - Blink                          Translocation                2
   c - Call Imp                       Summoning                    2
   d - Repel Missiles                 Charms/Air                   2
   e - Slow                           Hexes                        2
   f - Conjure Flame                  Conjuration/Fire             3
   g - Mephitic Cloud                 Conjuration/Poison/Air       3
 e - Sif Muna's Incunabulum of Arcane Weapons
   (Sif Muna gifted it to you on level 9 of the Dungeon)

   Spells                             Type                      Level
   a - Sting                          Conjuration/Poison           1
   b - Force Lance                    Conjuration/Translocation    4
   c - Freezing Cloud                 Conjuration/Ice/Air          6
   d - Fire Storm                     Conjuration/Fire             9
 r - a book of Unlife

   Spells                             Type                      Level
   a - Recall                         Summoning/Translocation      3
   b - Animate Dead                   Necromancy                   4
   c - Control Undead                 Necromancy                   4
   d - Cigotuvi's Embrace             Necromancy                   5
   e - Death Channel                  Necromancy                   6
   f - Simulacrum                     Ice/Necromancy               6
 C - a book of Party Tricks

   Spells                             Type                      Level
   a - Summon Butterflies             Summoning                    1
   b - Apportation                    Translocation                1
   c - Tukima's Dance                 Hexes                        3
   d - Alistair's Intoxication        Transmutation/Poison         4
   e - Invisibility                   Hexes                        6
 F - a book of Summonings

   Spells                             Type                      Level
   a - Abjuration                     Summoning                    3
   b - Recall                         Summoning/Translocation      3
   c - Shadow Creatures               Summoning                    5
   d - Summon Demon                   Summoning                    5
   e - Summon Forest                  Summoning/Translocation      5
   f - Monstrous Menagerie            Summoning                    6
 L - an Akashic Record {highlevel, unknown}

   This book is beyond your current level of understanding.

   Spells                             Type                      Level
   a - Dispersal                      Translocation                6
   b - Controlled Blink               Translocation                7
   c - Malign Gateway                 Summoning/Translocation      7
   d - Disjunction                    Translocation                8
   e - Singularity                    Translocation                9
 Q - Pluifrur's Disquisition on the Entourage
   (Sif Muna gifted it to you on level 1 of the Lair of Beasts)

   Spells                             Type                      Level
   a - Summon Butterflies             Summoning                    1
   b - Summon Small Mammal            Summoning                    1
   c - Summon Lightning Spire         Summoning/Air                4
   d - Summon Forest                  Summoning/Translocation      5
   e - Summon Greater Demon           Summoning                    7
Miscellaneous
 S - a phantom mirror


   Skills:
 + Level 8.1 Fighting
 - Level 3.0 Armour
 + Level 3.9 Dodging
 - Level 1.5 Stealth
 + Level 3.5 Shields
 + Level 9.6 Spellcasting
 + Level 7.5 Conjurations
 - Level 6.0 Summonings
 - Level 3.0 Translocations
 - Level 3.0 Fire Magic
 + Level 3.3 Ice Magic
 - Level 6.0 Air Magic
 - Level 2.0 Poison Magic
 - Level 2.5 Invocations


You had 13 spell levels left.
You knew the following spells:

 Your Spells              Type           Power        Failure   Level  Hunger
a - Magic Dart            Conj           ####         1%          1    N/A
b - Call Imp              Summ           #####...     1%          2    N/A
c - Mephitic Cloud        Conj/Pois/Air  #####...     1%          3    N/A
d - Conjure Flame         Conj/Fire      #####...     1%          3    N/A
e - Blink                 Tloc           N/A          2%          2    N/A
f - Freezing Cloud        Conj/Ice/Air   #####.....   78%         6    N/A

Dungeon Overview and Level Annotations

Branches:
Dungeon (15/15)            Temple (0/1) D:4            Lair (4/8) D:8
  Snake (0/5) Lair:3          Orc (0/4) D:12
  Swamp: Lair:3-6    Shoals: Lair:3-6    Vaults: D:13-14     Depths: D:15

Altars:
Ashenzari
Cheibriados
Dithmenos
Elyvilon
Fedhas
Makhleb
Nemelex Xobeh
Qazlal
Ru
Sif Muna
Xom
Zin

Shops:
D:4 [   D:10 =

Annotations:
D:10 Eustachio
D:11 Kloppie's ghost, powerful MiFi


Innate Abilities, Weirdness & Mutations

You do not eat or drink.
Your flesh is vulnerable to fire.
Your flesh is cold resistant.
You are immune to negative energy.
Your system is resistant to poisons.
You are immune to unholy pain and torment.
You can survive without breathing.


Message History

Confirm with . or Enter, or press ? or * to list all spells.
Aiming: Mephitic Cloud
Press: ? - help, Shift-Dir - straight line, f - centaur warrior
Aim: a centaur warrior, wielding a shortbow (heavily wounded)
The ball explodes into a vile cloud!
The stinking cloud engulfs the centaur warrior.
The centaur warrior is heavily wounded.
The centaur warrior is engulfed in noxious fumes.
The centaur warrior shoots an arrow.
The arrow hits you!
* * * LOW HITPOINT WARNING * * *
Casting: Mephitic Cloud
Confirm with . or Enter, or press ? or * to list all spells.
Aiming: Mephitic Cloud
Press: ? - help, Shift-Dir - straight line, f/p - centaur warrior
Aim: a centaur warrior, wielding a shortbow (noxious fumes, heavily wounded)
You miscast Mephitic Cloud.
Sif Muna protects you from the effects of your miscast!
The centaur warrior is engulfed in noxious fumes.
The centaur warrior shoots an arrow.
The arrow hits you!!
You die...

.....# #...# #s#
......# #...# #c#
#......# #...# #c#
#......# #...# #.#
.#......# #.§.# #.#
........###c§.# #)#
........c§§§.§.###.#
.........####(...>.#
.##......# #@.....#
#...##.# #..##..# #...
#)# #..##..# #... #s#
#..##..# #!.. #c#
#..##..# #... #(#
#..##..# #... #5#
#..##..#
#...##(####..##..#
...##................#


You could see a centaur warrior.

Vanquished Creatures
  Fannar (D:9)
  A death yak (D:8)
  The ghost of Kloppie the Fighter, an experienced GrBe of Trog (D:7)
  An orc knight (D:15)
  Pikel (D:8)
  4 hill giants
  2 ugly things
  A cyclops (D:10)
  A black mamba (Lair:4)
  Maurice (D:8)
  A centaur skeleton (D:12)
  A spiny frog (Lair:3)
  4 trolls
  A slime creature (D:10)
  A trapdoor spider zombie (D:11)
  A wraith (D:12)
  31 yaks
  A hungry ghost (D:7)
  2 deep elf magi (D:11)
  A soldier ant (D:13)
  A warg (D:12)
  3 hippogriffs
  3 wolves (D:11)
  2 ice beasts
  2 porcupines
  2 water moccasins
  5 black bears
  5 phantoms
  A spider (D:8)
  An eye of draining (D:10)
  6 sky beasts
  A slave (D:8)
  5 orc warriors
  5 centaurs
  4 crocodiles
  8 ogres
  5 big kobolds
  10 giant frogs
  A wyvern zombie (D:12)
  7 scorpions
  A wyvern skeleton (D:7)
  8 wights
  3 killer bees (D:10)
  20 jellies
  11 hounds
  A goliath beetle (D:9)
  6 crimson imps
  2 orc priests
  2 centaur zombies (D:12)
  2 giant frog skeletons
  14 orc wizards
  10 worker ants
  Natasha (thrice) (D:6)
  3 iguanas
  10 sheep (Lair:2)
  An ogre zombie (D:8)
  Jessica (D:3)
  A hound skeleton (D:4)
  A hound zombie (D:9)
  A worker ant zombie (D:3)
  12 adders
  10 gnolls
  6 river rats
  2 giant mites
  2 shadow imps
  A worm (D:3)
  An adder skeleton (D:4)
  6 giant geckos
  14 oozes
  41 orcs
  2 bat skeletons
  A bat zombie (D:5)
  5 giant cockroaches
  12 goblins
  17 hobgoblins
  4 jackals
  5 quokkas
  A ball python (D:7)
  24 bats
  7 giant newts
  A giant spore (D:11)
  33 kobolds
  2 quokka skeletons
  17 rats
  A ballistomycete (D:11)
463 creatures vanquished.

Vanquished Creatures (collateral kills)
  A guardian serpent (Lair:3)
  2 yaks (Lair:2)
  A wraith (D:12)
  Grum (D:11)
  A soldier ant (D:8)
  A porcupine (Lair:3)
  2 water moccasins
  An ogre (D:5)
  A sky beast (D:5)
  An ice beast (D:9)
  A wasp (D:12)
  2 phantoms (D:7)
  Sigmund (D:2)
  A gnoll sergeant (D:5)
  A killer bee (D:10)
  2 crimson imps
  Ijyb (D:3)
  5 river rats
  3 worms
  An adder skeleton (D:3)
  3 orcs
  A hobgoblin (D:11)
  4 kobolds
  A ballistomycete (D:11)
39 creatures vanquished.

Vanquished Creatures (others)
  A soldier ant (D:8)
  A slave (D:8)
  18 crimson imps
  3 iron imps
  12 white imps
  3 shadow imps
  8 fungi (D:10)
  A plant (Lair:2)
47 creatures vanquished.

Grand Total: 549 creatures vanquished

Notes
Turn   | Place    | Note
--------------------------------------------------------------
     0 | D:1      | Ishikawa, the Mummy Wizard, began the quest for the Orb.
     0 | D:1      | Reached XP level 1. HP: 13/13 MP: 4/4
   108 | D:1      | Reached skill level 1 in Conjurations
   244 | D:1      | Reached XP level 2. HP: 14/20 MP: 1/6
   248 | D:1      | Learned a level 2 spell: Call Imp
   342 | D:1      | Reached skill level 1 in Fighting
   985 | D:2      | Found a deep blue altar of Sif Muna.
  1025 | D:2      | Reached XP level 3. HP: 21/26 MP: 8/8
  1030 | D:2      | Learned a level 3 spell: Mephitic Cloud
  1062 | D:2      | Became a worshipper of Sif Muna the Loreminder
  1143 | D:2      | Reached skill level 1 in Summonings
  1327 | D:2      | Found a shattered altar of Ashenzari.
  1371 | D:2      | Noticed Sigmund
  1380 | D:2      | Killed Sigmund
  1380 | D:2      | Reached XP level 4. HP: 31/33 MP: 2/10
  1618 | D:2      | Found a blossoming altar of Fedhas.
  1620 | D:2      | Found a stormy altar of Qazlal.
  1793 | D:3      | Noticed Ijyb
  1815 | D:3      | Killed Ijyb
  1958 | D:3      | Reached XP level 5. HP: 38/38 MP: 12/12
  2078 | D:3      | Noticed Jessica
  2095 | D:3      | Killed Jessica
  2097 | D:3      | Found a white marble altar of Elyvilon.
  2279 | D:3      | Reached skill level 1 in Air Magic
  2338 | D:3      | Found a shimmering altar of Xom.
  2338 | D:3      | Found a burning altar of Makhleb.
  2345 | D:3      | Acquired Sif Muna's first power
  2510 | D:4      | Noticed an ogre
  2516 | D:4      | Reached skill level 1 in Poison Magic
  2526 | D:4      | Killed an ogre
  2526 | D:4      | Reached skill level 4 in Spellcasting
  2526 | D:4      | Reached XP level 6. HP: 44/44 MP: 6/15
  2658 | D:4      | Noticed a sky beast
  2690 | D:4      | Killed a sky beast
  2834 | D:4      | Reached XP level 7. HP: 50/50 MP: 13/17
  2889 | D:4      | Found Onainuer's Antique Armour Emporium.
  2951 | D:4      | Reached skill level 1 in Invocations
  3198 | D:4      | Found a staircase to the Ecumenical Temple.
  3284 | D:5      | Entered Level 5 of the Dungeon
  3350 | D:5      | Acquired Sif Muna's second power
  3356 | D:5      | Learned a level 3 spell: Conjure Flame
  3359 | D:5      | Learned a level 2 spell: Blink
  3715 | D:5      | Reached XP level 8. HP: 56/56 MP: 16/19
  3751 | D:5      | Found a shattered altar of Ashenzari.
  3855 | D:5      | Reached skill level 5 in Spellcasting
  3920 | D:5      | Found a sparkling altar of Nemelex Xobeh.
  4597 | D:6      | Reached skill level 1 in Translocations
  4627 | D:6      | Noticed Natasha
  4641 | D:6      | Killed Natasha
  4665 | D:6      | Noticed Natasha
  4673 | D:6      | Killed Natasha
  4747 | D:6      | Found a sacrificial altar of Ru.
  5009 | D:6      | Noticed Natasha
  5022 | D:6      | Killed Natasha
  5143 | D:7      | Noticed Kloppie's ghost (experienced GrBe)
  5340 | D:7      | Reached skill level 1 in Armour
  5604 | D:7      | Reached XP level 9. HP: 51/61 MP: 20/22
  5979 | D:8      | Noticed a death yak
  5980 | D:8      | Noticed Maurice
  6002 | D:8      | Acquired Sif Muna's third power
  6058 | D:7      | Found a shadowy altar of Dithmenos.
  6058 | D:7      | Found a glowing silver altar of Zin.
  6237 | D:7      | Killed Kloppie's ghost
  6237 | D:7      | Reached skill level 6 in Spellcasting
  6536 | D:8      | Found a staircase to the Lair.
  6765 | D:8      | Reached skill level 1 in Fire Magic
  6769 | D:8      | Reached skill level 5 in Summonings
  6771 | D:8      | Reached skill level 5 in Conjurations
  6886 | D:8      | Noticed Eustachio
  6887 | D:8      | Killed a death yak
  6887 | D:8      | Reached XP level 10. HP: 8/68 MP: 12/24
  7180 | D:8      | Noticed Pikel
  7206 | D:8      | Killed Pikel
  7206 | D:8      | Reached skill level 7 in Spellcasting
  7206 | D:8      | Reached skill level 5 in Air Magic
  7452 | D:8      | Killed Maurice
  8047 | D:9      | Found a snail-covered altar of Cheibriados.
  8060 | D:9      | Received a gift from Sif Muna
  8061 | D:9      | Identified Sif Muna's Incunabulum of Arcane Weapons (Sif Muna gifted it to you on level 9 of the Dungeon)
  8418 | D:10     | Entered Level 10 of the Dungeon
  8729 | D:10     | Reached XP level 11. HP: 60/78 MP: 7/27
  8965 | D:10     | Reached skill level 5 in Fighting
  8985 | D:10     | Noticed a hill giant
  8994 | D:10     | Killed a hill giant
  9055 | D:10     | Noticed Fannar
  9270 | D:10     | Reached skill level 8 in Spellcasting
  9733 | D:10     | Noticed a cyclops
  9764 | D:10     | Killed a cyclops
  9807 | D:10     | Noticed a hill giant
  9815 | D:10     | Killed a hill giant
  9955 | D:10     | Found Javap's Jewellery Boutique.
 10170 | D:10     | Bought an uncursed ring of see invisible for 225 gold pieces
 10223 | D:11     | Noticed Grum
 10283 | D:11     | Killed Grum
 10537 | D:11     | Noticed a hill giant
 10548 | D:11     | Killed a hill giant
 10601 | D:11     | Learned a level 6 spell: Freezing Cloud
 10633 | D:11     | Reached skill level 1 in Shields
 10701 | D:11     | Reached skill level 9 in Spellcasting
 11072 | Lair:1   | Entered Level 1 of the Lair of Beasts
 11711 | Lair:1   | Received a gift from Sif Muna
 11712 | Lair:1   | Identified Pluifrur's Disquisition on the Entourage (Sif Muna gifted it to you on level 1 of the Lair of Beasts)
 12087 | Lair:2   | Reached skill level 1 in Ice Magic
 12747 | Lair:3   | Reached XP level 12. HP: 45/91 MP: 20/29
 12980 | Lair:3   | Found a staircase to the Snake Pit.
 14253 | Lair:4   | Got a brightly glowing helmet
 14255 | Lair:4   | Identified the +2 helmet of the Wild Haggis {rC+ MR- Int+4 Dex+4 Stlth+} (You found it on level 4 of the Lair of Beasts)
 14692 | D:9      | Killed Fannar
 14956 | D:11     | Noticed Kloppie's ghost (powerful MiFi)
 15639 | D:12     | Found a staircase to the Orcish Mines.
 16037 | D:12     | You fall through a shaft for 3 floors!
 16037 | D:15     | Entered Level 15 of the Dungeon
 16188 | D:14     | Noticed a vault guard
 16389 | D:13     | Noticed a centaur warrior
 16487 | D:13     | Shot with an arrow by a centaur warrior

Action                   |  1- 3 |  4- 6 |  7- 9 | 10-12 || total
-------------------------+-------+-------+-------+-------++-------
Melee: Club              |    17 |       |       |       ||    17
       Unarmed           |     2 |       |       |     7 ||     9
       Mace              |    55 |   186 |    79 |       ||   320
       Trident           |       |       |    51 |       ||    51
       Hand axe          |       |       |   265 |   576 ||   841
       Staff             |       |       |       |     4 ||     4
 Cast: Magic Dart        |    45 |    33 |   141 |   443 ||   662
       Call Imp          |     3 |    13 |    39 |    92 ||   147
       Mephitic Cloud    |       |     9 |    41 |   143 ||   193
       Conjure Flame     |       |       |    18 |   178 ||   196
       Blink             |       |       |     2 |    12 ||    14
Invok: Channel Energy    |       |       |    75 |   383 ||   458
Evoke: Wand              |       |       |       |     1 ||     1
  Use: Scroll            |       |       |     2 |    22 ||    24
 Stab: Sleeping          |     1 |     1 |       |       ||     2
       Distracted        |       |     1 |     3 |     2 ||     6
       Confused          |       |     6 |    16 |    27 ||    49
